[Event "Live Chess"]
[Site "Chess.com"]
[Date "2024.06.01"]
[Round "-"]
[White "TigerTank70"]
[Black "grillage"]
[Result "1-0"]
[WhiteElo "2237"]
[BlackElo "1870"]
[TimeControl "300"]
[EndTime "15:50:19 PDT"]
[Termination "TigerTank70 won on time"]

1. e4 d5 2. exd5 Qxd5 3. d4 e5 4. c3 exd4 5. cxd4 Nf6 6. Nc3 Bb4 7. Nf3 O-O 8. Be2 Nc6 9. O-O Bxc3 10. bxc3 Bf5 11. Bf4 Qd7 12. Bd3 Bxd3 13. Qxd3 Rfe8 14. Rab1 b6 15. Rfd1 Nh5 16. Be3 Ne7 17. h3 Ng6 18. Qd2 Rad8 19. c4 Nf6 20. d5 Ne4 21. Qc2 Qd6 22.
Rd4 Nc5 23. Rbd1 a5 24. Rg4 Ne5 25. Nxe5 Rxe5 26. Bf4 Rde8 27. Bxe5 Qxe5 28. Rg3 Qf4 29. Rf3 Qg5 30. Qd2 Qh4 31. Re1 Rd8 32. Qf4 Qxf4 33. Rxf4 Nd3 34. Rfe4 Nxe1 35. Rxe1 Kf8 36. f3 Rd7 37. Kf2 Re7 38. Re4 g6 39. g4 f6 40. Rf4 Kf7 41. Rd4 Rd7 42. Rd3 Ke7 43.
f4 Kd6 44. Kf3 Re7 45. h4 Kc5 46. Rc3 Kd4 47. Rc2 Re3+ 48. Kf2 Rc3 49. Rd2+ Kxc4 50. d6 cxd6 51. Rxd6 f5 52. Rc6+ Kb4 53. Rxb6+ Ka3 54.
gxf5 gxf5 55. Rb5 a4 56. Rxf5 Rh3 57. Ra5 Rxh4 58. Kg3 Rh1 59. f5 1-0

[Event "Live Chess"]
[Site "Chess.com"]
[Date "2024.06.01"]
[Round "-"]
[White "LL220284LL"]
[Black "nigelst"]
[Result "1-0"]
[WhiteElo "2513"]
[BlackElo "1698"]
[TimeControl "300"]
[EndTime "15:50:55 PDT"]
[Termination "LL220284LL won by resignation"]

1. g3 d5 2. Bg2 e5 3. d3 Nf6 4. Nf3 Nc6 5. b3 Bg4 6. Bb2 Bd6 7. h3 Bxf3 8. Bxf3 O-O 9. Nd2 Re8 10. Bg2 Qd7 11.
O-O Rad8 12. e3 Qe7 13. a4 a5 14. Qe2 Nb4 15. Nf3 e4 16. Nd4 Qd7 17. Rfd1 exd3 18. cxd3 c6 19. Nf3 Qe7 20. Rac1 Na2 21. Ra1 Nb4 22.
Nd4 Qd7 23. Rab1 Re7 24. Qf3 Rde8 25. Nf5 Re6 26. e4 Be5 27. d4 Bc7 28. e5 Ne4 29.
Qg4 Rg6 30. Nh6+ gxh6 31. Qxd7 1-0

[Event "Live Chess"]
[Site "Chess.com"]
[Date "2024.06.01"]
[Round "-"]
[White "NAZRIZ1977"]
[Black "jimwad"]
[Result "1-0"]
[WhiteElo "2164"]
[BlackElo "1308"]
[TimeControl "300"]
[EndTime "15:51:25 PDT"]
[Termination "NAZRIZ1977 won by resignation"]

1. c4 e5 2. g3 Nc6 3. Bg2 Nf6 4. Nc3 Bc5 5. a3 O-O 6. e3 a5 7. Nge2 Rb8 8. O-O d6 9. h3 Be6 10. d4 exd4 11. exd4 Ba7 12. d5 Bxd5 13. Nxd5 Nxd5 14. cxd5 Ne5 15. Kh2 c6 16. Bf4 Ng6 17. Qd3 Nxf4 18. Nxf4 cxd5 19. Qxd5 Qe7 20. Rae1 Qc7 21. b4 axb4 22.
axb4 Bb6 23. Rd1 Ra8 24. Qxd6 Qxd6 25. Rxd6 Bc7 26. Rd7 Bxf4 27. gxf4 Ra4 28. Rxb7 h6 29. Bd5 Ra3 30. Rb1 Rd3 31. Bb3 Rd2 32. Kg3 Rd3+ 33. f3 Rd4 34. b5 Rd2 35. b6 Rd6 36. Rxf7 Rxf7 37. b7 Rb6 38. Bxf7+ 1-0

[Event "Live Chess"]
[Site "Chess.com"]
[Date "2024.06.01"]
[Round "-"]
[White "blunderabit"]
[Black "GEMdzq"]
[Result "0-1"]
[WhiteElo "1774"]
[BlackElo "2303"]
[TimeControl "300"]
[EndTime "15:51:56 PDT"]
[Termination "GEMdzq won by resignation"]

1. e4 Nf6 2. e5 Nd5 3. c4 Nb6 4.
d4 d6 5. exd6 cxd6 6. Nc3 g6 7.
Be3 Bg7 8. Rc1 O-O 9. b3 Nc6 10.
d5 Ne5 11. Be2 a5 12. f4 Ned7 13. Nf3 Nc5 14. Bd4 Nbd7 15. Bxg7 Kxg7 16. Qd4+ Nf6 17. O-O Qb6 18. Rb1 Bf5 19. Rbe1 Qb4 20. h3 a4 21. g4 axb3 22. gxf5 bxa2 23. Ra1 Nb3 24. Qe3 Nxa1 25. Rxa1 Qb2 26. Rxa2 Rxa2 27. Nxa2 Qxa2 28.
fxg6 hxg6 29. Ng5 Re8 30. f5 Qb1+ 31. Kh2 Qxf5 0-1

[Event "Live Chess"]
[Site "Chess.com"]
[Date "2024.06.01"]
[Round "-"]
[White "AlexanderMatlak"]
[Black "Queensandpawns"]
[Result "1-0"]
[WhiteElo "2401"]
[BlackElo "2337"]
[TimeControl "300"]
[EndTime "15:52:06 PDT"]
[Termination "AlexanderMatlak won by resignation"]

1. c4 d5 2. cxd5 c6 3. dxc6 Nxc6 4. Nf3 e5 5. e4 Nf6 6. Nc3 Bc5 7. Be2 Bg4 8. O-O Qd7 9. d3 O-O-O 10. Bg5 h6 11.
Bxf6 gxf6 12. Nd5 Qe6 13. Rc1 Bxf3 14. Bxf3 Bd4 15. Bg4 f5 16. Bxf5 Qxf5 17. exf5 Rxd5 18. Qf3 Rhd8 19. b4 Kb8 20. Rc4 Bb6 21. f6 Nd4 22. Qh3 Ne2+ 23. Kh1 Rxd3 24. Rc8+ Rxc8 25. Qxd3 Nd4 26.
Qe3 Nc6 27. Qxh6 Nxb4 28. Qh5 Bd4 29. Qxf7 Nd3 30. g4 Nxf2+ 31. Rxf2 Bxf2 32. g5 e4 33. Qe7 e3 34. f7 e2 35. Qxe2 Bc5 36. g6 Bf8 37.
Qe5+ Ka8 38. g7 Bxg7 39. Qxg7 a5 40. f8=Q Rb8 1-0

[Event "Live Chess"]
[Site "Chess.com"]
[Date "2024.06.01"]
[Round "-"]
[White "NeilDruggan73"]
[Black "Rusty_Bridges"]
[Result "1-0"]
[WhiteElo "1749"]
[BlackElo "1512"]
[TimeControl "300"]
[EndTime "15:52:11 PDT"]
[Termination "NeilDruggan73 won by resignation"]

1. d4 d5 2. Bg5 h6 3. Bh4 g5 4. Bg3 Bg7 5. e3 Nf6 6. Bd3 O-O 7. h4 g4 8. h5 Ne4 9. Bh4 Qd6 10. c3 Bf6 11. Bxe4 dxe4 12. Bg3 Qd7 13. Ne2 Bg5 14. Qc2 f5 15. Nd2 Nc6 16. O-O-O b5 17. Kb1 a5 18.
Qb3+ e6 19. Qxb5 Ba6 20. Qc5 Bxe2 21. Rc1 Rfb8 22. Rhe1 Bd3+ 23. Ka1 Rb5 24. Qa3 Rab8 25. Nb3 Be7 26. Nc5 Bxc5 27. dxc5 Rxb2 28. Qxb2 Rxb2 29. Kxb2 a4 30. Red1 Na5 31. Ka1 Qc6 32. Be5 Qxc5 33. Bd4 Qd5 34. Rd2 Nc4 35. Rdd1 Na3 36.
Rd2 Nc2+ 37. Rdxc2 Bxc2 38. Rxc2 Kf7 39. Kb2 c5 40.
Bh8 Qd7 41. c4 Kg8 42. Bc3 Qf7 43. Rd2 Qxh5 44. Rd8+ Kf7 45. Rd7+ Ke8 46. Rd6 Ke7 47.
Rc6 Qh2 48. Rxc5 Qxg2 49. Rc7+ Kd6 50. Rb7 Qxf2+ 51. Ka3 Qxe3 52. Kb2 Qe2+ 53. Ka3 g3 54. Bb4+ Kc6 55. Rb5 Qxc4 56. Kxa4 g2 57. Rc5+ Kd6 58. Rxc4+ Kd7 59. Rc1 e3 60. Rg1 f4 61. Rxg2 e5 62.
Rg7+ Ke6 63. Rg6+ Kf5 64. Rxh6 Ke4 65. Rh5 e2 66. Rh3 f3 67. Rh4+ Ke3 68. Rh5 Kf2 69. Rxe5 e1=Q 70. Bxe1+ Kg2 1-0

[Event "Live Chess"]
[Site "Chess.com"]
[Date "2024.06.01"]
[Round "-"]
[White "JanMur7"]
[Black "GoldsmanB"]
[Result "1-0"]
[WhiteElo "2307"]
[BlackElo "1105"]
[TimeControl "300"]
[EndTime "15:52:22 PDT"]
[Termination "JanMur7 won by resignation"]

1. c4 Nf6 2. Nc3 e5 3. Nf3 Nc6 4. e4 Bb4 5. d3 d6 6. Be2 Be6 7. O-O O-O 8. b3 Bxc3 9. Rb1 Nd4 10. Nxd4 Bxd4 11. Kh1 Qe7 12. f4 exf4 13. Bxf4 Be5 14.
Bg5 h6 15. Bh4 Rad8 16. d4 Bf4 17. Rxf4 g5 18. Rxf6 Qxf6 19. Bg3 a6 20. Qd3 c5 21.
d5 Bd7 22. Rf1 Qe7 23. Qc3 Bc8 24. Rf6 Kh7 25. Bd3 Kg8 26. Rxh6 f6 27. Qc2 Qg7 28. Rh5 Qg6 29. Qe2 g4 30. Rh4 Rf7 31. e5 dxe5 32. Bxg6 1-0

[Event "Live Chess"]
[Site "Chess.com"]
[Date "2024.06.01"]
[Round "-"]
[White "katoma"]
[Black "McFim"]
[Result "1/2-1/2"]
[WhiteElo "2031"]
[BlackElo "1639"]
[TimeControl "300"]
[EndTime "15:52:31 PDT"]
[Termination "Game drawn by repetition"]

1. e4 c6 2. d4 d5 3. exd5 cxd5 4. Bd3 Nc6 5. c3 Nf6 6. Ne2 Bg4 7. O-O e6 8. Qe1 Be7 9. f3 Bh5 10. Qh4 O-O 11. Nf4 Bg6 12. Nxg6 hxg6 13. Bg5 Nh7 14. Bxe7 Nxe7 15. Qf2 Nf6 16. Nd2 a6 17. Rae1 Qc7 18.
Re2 b5 19. Nb3 Nc6 20. Nc5 b4 21. Nxa6 Qb6 22. Nxb4 Nxb4 23. cxb4 Rxa2 24. b5 Rb8 25.
Rc1 Ne8 26. h3 Nd6 27. Rc6 Qd8 28. Rec2 Ra5 29. b4 Ra1+ 30. Kh2 Raa8 31. R2c5 Nb7 32.
Rc2 Nd6 33. R2c5 Nb7 34. Rc2 Nd6 1/2-1/2

[Event "Live Chess"]
[Site "Chess.com"]
[Date "2024.06.01"]
[Round "-"]
[White "ACM42"]
[Black "TheSmoulderingMaster"]
[Result "1-0"]
[WhiteElo "2154"]
[BlackElo "1725"]
[TimeControl "300"]
[EndTime "15:52:34 PDT"]
[Termination "ACM42 won by resignation"]

1. e4 c5 2. Nf3 d6 3. d4 cxd4 4. Nxd4 Nf6 5. Nc3 g6 6. f4 Bg7 7. e5 dxe5 8. fxe5 Nh5 9. Bb5+ Bd7 10. e6 Bxb5 11. exf7+ Kxf7 12. Qf3+ Nf6 13. Ndxb5 Nc6 14. Be3 Re8 15. Rd1 Qa5 16. O-O Kg8 17. a3 a6 18. Nd4 Rac8 19. Ne6 Ne5 20. Qg3 Nc4 21.
Nxg7 Kxg7 22. Bd4 Nxb2 23. Rde1 Nc4 24. Rxe7+ Rxe7 25. Bxf6+ Kf7 26. Bxe7+ Kxe7 27. Qh4+ Kd6 28. Rd1+ Kc7 29. Qxc4+ Kb8 30. Qf4+ Ka8 31. Nd5 Rd8 32. Nc7+ Ka7 33. Rxd8 Qe1+ 34. Qf1 Qe3+ 35. Kh1 1-0

[Event "Live Chess"]
[Site "Chess.com"]
[Date "2024.06.01"]
[Round "-"]
[White "TedUdale"]
[Black "oscalik"]
[Result "1-0"]
[WhiteElo "2108"]
[BlackElo "2292"]
[TimeControl "300"]
[EndTime "15:52:37 PDT"]
[Termination "TedUdale won on time"]

1. e4 c5 2. Nc3 e6 3. f4 d5 4.
d3 Nc6 5. Nf3 d4 6. Ne2 b6 7.
Ng3 h5 8. h4 Nf6 9. Bd2 Ng4 10.
Nh2 Qxh4 11. Nxg4 Qxg3+ 12. Nf2 Be7 13. Rh3 Qg6 14. Qf3 Bb7 15. O-O-O O-O-O 16. Be2 f5 17. Rdh1 h4 18. Kb1 Rdf8 19. g3 e5 20. exf5 Qxf5 21.
Qd5 Nb4 22. Qb3 hxg3 23. Rxh8 Bxh1 24. Bg4 Qxg4 25. Rxf8+ Bxf8 26. Nxg4 g2 27. Qe6+ Kc7 28. Qxe5+ Bd6 29. Qe1 Bxf4 30. Bxf4+ 1-0

[Event "Live Chess"]
[Site "Chess.com"]
[Date "2024.06.01"]
[Round "-"]
[White "hapehansen"]
[Black "Yegorych"]
[Result "1-0"]
[WhiteElo "2259"]
[BlackElo "1578"]
[TimeControl "300"]
[EndTime "15:52:38 PDT"]
[Termination "hapehansen won by resignation"]

1. Nf3 Nf6 2. c4 d5 3. cxd5 Nxd5 4. e4 Nf4 5. d4 e5 6. Nxe5 Bb4+ 7. Nc3 Ne6 8. Be3 O-O 9. Bc4 c5 10. d5 Nd4 11.
Bxd4 cxd4 12. Qxd4 Nc6 13. Nxc6 bxc6 14. O-O c5 15. Qe3 Qc7 16. e5 Re8 17. d6 Qa5 18.
Qf3 Be6 19. Bxe6 fxe6 20. Ne4 Bd2 21. Rad1 Bh6 22. a3 Rf8 23. Qc3 Qxc3 24. bxc3 c4 25. Nc5 Kf7 26. Rb1 Rab8 27. Nd7 Rxb1 28. Rxb1 Rd8 29. Rb7 Ke8 30. Nc5 Bd2 31. Nxe6 Rd7 32. Nxg7+ Kd8 33. Ne6+ Kc8 34. Rb4 1-0

[Event "Live Chess"]
[Site "Chess.com"]
[Date "2024.06.01"]
[Round "-"]
[White "CheckThis4"]
[Black "Duke_of_Bebington"]
[Result "1-0"]
[WhiteElo "2689"]
[BlackElo "1638"]
[TimeControl "300"]
[EndTime "15:52:45 PDT"]
[Termination "CheckThis4 won by resignation"]

1. d4 d5 2. Nc3 Nf6 3. e4 Nxe4 4. Nxe4 dxe4 5. Bc4 Bf5 6. g4 Bg6 7. Ne2 Nd7 8. h4 h5 9. Nf4 e5 10. Nxg6 fxg6 11.
c3 Qe7 12. Bg5 Nf6 13. Qa4+ c6 14. O-O-O b5 15. Bxb5 cxb5 16. Qxb5+ Qd7 17. Qe2 Be7 18. dxe5 Nxg4 19. Rxd7 Kxd7 20. Rd1+ Ke8 21. Qb5+ Kf7 22. Qd5+ Ke8 23. Qxa8+ Kf7 24. Qxh8 1-0

[Event "Live Chess"]
[Site "Chess.com"]
[Date "2024.06.01"]
[Round "-"]
[White "Dhaydon19"]
[Black "ShanthamGrarks"]
[Result "1-0"]
[WhiteElo "2679"]
[BlackElo "1789"]
[TimeControl "300"]
[EndTime "15:53:17 PDT"]
[Termination "Dhaydon19 won by resignation"]

1. d4 e6 2. c3 Nf6 3. Nf3 d5 4.
g3 c5 5. Bg2 Nc6 6. dxc5 Bxc5 7.
O-O O-O 8. Qc2 h6 9. Nbd2 Bd7 10. e4 dxe4 11. Nxe4 Nxe4 12. Qxe4 Ne7 13. Ne5 Nc6 14. Rd1 Nxe5 15. Qxe5 Qb6 16. Rxd7 Bxf2+ 17. Kf1 Rad8 18. Rxd8 Rxd8 19. Bf3 Bg1 20. Qe2 Rd1+ 21. Kg2 Bxh2 22. Be3 Qd6 23. Rxd1 Qxg3+ 24. Kh1 Qh3 25. Be4 Bf4+ 26.
Kg1 Qg3+ 27. Kf1 g6 28. Bf2 Qh2 29. Rd8+ Kh7 30. Bd4 Qh3+ 31. Bg2 1-0

[Event "Live Chess"]
[Site "Chess.com"]
[Date "2024.06.01"]
[Round "-"]
[White "upoe610"]
[Black "updatedopenings2024"]
[Result "0-1"]
[WhiteElo "2197"]
[BlackElo "2007"]
[TimeControl "300"]
[EndTime "15:53:19 PDT"]
[Termination "updatedopenings2024 won by checkmate"]

1. c4 Nf6 2. g3 e6 3. Bg2 d5 4.
Nf3 Be7 5. O-O O-O 6. d4 b6 7.
cxd5 exd5 8. Ne5 Bb7 9. Nc3 Nbd7 10. Qb3 c6 11. Bf4 Rc8 12. Rac1 Nh5 13. Nxd7 Qxd7 14. Bd2 Rfd8 15. Qc2 Nf6 16. a4 c5 17. a5 cxd4 18. axb6 dxc3 19. bxc3 axb6 20. Rb1 Qc6 21. c4 Qxc4 22. Qxc4 dxc4 23. Bxb7 Rb8 24. Bf3 Rxd2 25. Rfc1 b5 26. Rxc4 b4 27. Kf1 b3 28. Ke1 Ra2 29. Rxb3 Rxb3 30. Rc8+ Bf8 31. g4 Rb1+ 32. Rc1 Rxc1# 0-1

[Event "Live Chess"]
[Site "Chess.com"]
[Date "2024.06.01"]
[Round "-"]
[White "wadsy27"]
[Black "toog"]
[Result "1-0"]
[WhiteElo "2556"]
[BlackElo "2600"]
[TimeControl "300"]
[EndTime "15:53:36 PDT"]
[Termination "wadsy27 won on time"]

1. c4 e5 2. g3 c6 3. Nf3 e4 4. Nd4 d5 5. cxd5 Nf6 6. Nc3 Qb6 7. Nb3 a5 8. d3 a4 9. Nd2 e3 10. fxe3 cxd5 11. Nf3 a3 12. Qb3 Qxb3 13. axb3 Bb4 14. Kd2 axb2 15. Bxb2 Rxa1 16. Bxa1 Nc6 17. Nd4 Be6 18.
Bg2 Kd7 19. Bb2 Re8 20. h3 Rc8 21.
g4 h5 22. g5 Nh7 23. h4 Nf8 24. Bf3 g6 25. Ra1 Ne5 26. Ra4 Nxf3+ 27. exf3 Bd6 28. f4 Ke7 29. Ncb5 Bc5 30. Nxe6 Nxe6 31. Bf6+ Kd7 32. Nd4 Bxd4 33. Bxd4 Nxd4 34. Rxd4 Ke6 35. Rb4 Rc7 36. Ke2 Kf5 37. Kf3 Ke6 38. Rb6+ Ke7 39.
f5 gxf5 40. d4 Rc1 41. Rxb7+ Ke6 42. Rb6+ Ke7 43. Rh6 Rf1+ 44. Ke2 Rb1 45. Rxh5 Rxb3 46. Kf3 Rb1 47. Rh8 Rf1+ 48. Ke2 Rh1 49. h5 Ke6 50. h6 f4 51. exf4 Kf5 52. h7 Kxf4 53. g6 Rh2+ 54. Ke1 fxg6 55. Rf8+ Ke3 56. Re8+ Kxd4 57. h8=Q+ Rxh8 58. Rxh8 g5 59. Rg8 Ke3 60. Rxg5 d4 61. Rg3+ 1-0

[Event "Live Chess"]
[Site "Chess.com"]
[Date "2024.06.01"]
[Round "-"]
[White "StoreySniper"]
[Black "OurKnightAtTheOpera"]
[Result "1-0"]
[WhiteElo "2542"]
[BlackElo "1985"]
[TimeControl "300"]
[EndTime "15:53:47 PDT"]
[Termination "StoreySniper won by resignation"]

1. e4 e5 2. Nf3 Nc6 3. Bb5 Nf6 4.
Bxc6 dxc6 5. d3 Bd6 6. Nbd2 O-O 7. Nc4 Re8 8. Bg5 h6 9. Bh4 Bg4 10. h3 Bh5 11. g4 Bg6 12. Qe2 a5 13. Ne3 b5 14.
Nf5 Bf8 15. g5 hxg5 16. Bxg5 Bxf5 17. exf5 Qd6 18. Nd2 Qb4 19. Bxf6 1-0

[Event "Live Chess"]
[Site "Chess.com"]
[Date "2024.06.01"]
[Round "-"]
[White "CCGoodKnightRookie"]
[Black "updatedopenings2024"]
[Result "1-0"]
[WhiteElo "2328"]
[BlackElo "2004"]
[TimeControl "300"]
[EndTime "15:54:45 PDT"]
[Termination "CCGoodKnightRookie won by resignation"]

1. d4 Nf6 2. Nc3 d5 3. Bf4 a6 4. e3 e6 5. Nf3 b5 6. Bd3 Bb7 7. O-O Nbd7 8. Ne5 c5 9. Nxd7 Nxd7 10. dxc5 Nxc5 11. Qh5 g6 12. Qh3 Bg7 13. Bh6 O-O 14. Bxg7 Kxg7 15. Ne2 Rc8 16. Ng3 Nxd3 17. cxd3 Rc2 18.
Qg4 Qf6 19. Nh5+ 1-0

[Event "Live Chess"]
[Site "Chess.com"]
[Date "2024.06.01"]
[Round "-"]
[White "koekoekoe"]
[Black "RichardABates"]
[Result "1-0"]
[WhiteElo "1973"]
[BlackElo "2287"]
[TimeControl "300"]
[EndTime "15:54:50 PDT"]
[Termination "koekoekoe won by checkmate"]

1. d4 Nf6 2. Bf4 d6 3. e3 Nc6 4.
Nf3 Bg4 5. Be2 e5 6. dxe5 dxe5 7.
Qxd8+ Rxd8 8. Nxe5 Bxe2 9. Kxe2 Nb4 10. Na3 Ne4 11. Rhd1 Bd6 12. c3 Nd5 13. Rxd5 Bxa3 14.
Rxd8+ Kxd8 15. Nxf7+ Ke7 16. Nxh8 Bxb2 17. Rf1 Nxc3+ 18.
Kd3 Nd5 19. Rb1 Bf6 20. Rxb7 g6 21. Bxc7 Ke6 22. Nf7 Kxf7 23. Be5+ Be7 24. Bd6 a5 25. Bxe7 Nxe7 26. Ra7 Kg8 27. Rxe7 Kh8 28. Ke4 Kg8 29. Ke5 Kh8 30. Kf6 Kg8 31. Re8# 1-0

[Event "Live Chess"]
[Site "Chess.com"]
[Date "2024.06.01"]
[Round "-"]
[White "vincents82"]
[Black "degringolade64"]
[Result "0-1"]
[WhiteElo "2037"]
[BlackElo "2139"]
[TimeControl "300"]
[EndTime "15:54:56 PDT"]
[Termination "degringolade64 won by resignation"]

1. e4 e5 2. Nf3 Nc6 3. Bb5 a6 4. Ba4 Nf6 5. d3 b5 6. Bb3 Bc5 7. O-O d6 8. c3 O-O 9. a4 Rb8 10. Bg5 h6 11. Bh4 g5 12. Nxg5 hxg5 13. Bxg5 Bg4 14.
Qe1 Kg7 15. Kh1 Qd7 16. f4 Nh5 17. fxe5 dxe5 18. axb5 axb5 19. h4 Qxd3 20. Nd2 Ng3+ 21. Kh2 Nxf1+ 22. Nxf1 Rh8 23. Ra6 Ne7 24. Bf6+ Kg8 25. Qc1 Rh7 26. Qg5+ Kf8 27. Qxg4 Qxf1 28. Bxe5 Bg1+ 29. Kh3 Qd3+ 30. Bg3 Bf2 31. Rf6 Qxg3+ 32.
Qxg3 Bxg3 33. Kxg3 Rb6 0-1

[Event "Live Chess"]
[Site "Chess.com"]
[Date "2024.06.01"]
[Round "-"]
[White "cymbalshift"]
[Black "IgorSchukin"]
[Result "0-1"]
[WhiteElo "1657"]
[BlackElo "1713"]
[TimeControl "300"]
[EndTime "15:54:58 PDT"]
[Termination "IgorSchukin won by resignation"]

1. d4 d5 2. e4 dxe4 3. Nc3 Nf6 4.
f3 c5 5. d5 e6 6. fxe4 exd5 7.
exd5 Bd6 8. Qe2+ Be7 9. Bg5 O-O 10. O-O-O h6 11. Bh4 Bg4 12. Nf3 a6 13. h3 Bh5 14.
g4 Bg6 15. Ne5 Bh7 16. Bg2 g5 17. Bg3 Bd6 18. h4 Nbd7 19. hxg5 hxg5 20. Rdf1 Re8 21. Rxh7 Nxh7 22. Rf5 Bxe5 23. Bxe5 Nxe5 24. Rxe5 Rxe5 25. Qxe5 Qe8 26. Qxe8+ Rxe8 27. d6 Rd8 28. Ne4 b6 29. c4 Kg7 30. a3 Nf6 31. Nxf6 Kxf6 32. b4 Rxd6 33. bxc5 bxc5 34. Bd5 Rxd5 35. cxd5 Ke5 0-1

[Event "Live Chess"]
[Site "Chess.com"]
[Date "2024.06.01"]
[Round "-"]
[White "NebodarMatevich"]
[Black "viktor_forever1994"]
[Result "1-0"]
[WhiteElo "1580"]
[BlackElo "1372"]
[TimeControl "300"]
[EndTime "15:55:07 PDT"]
[Termination "NebodarMatevich won on time"]

1. e4 e5 2. d4 exd4 3. Qxd4 Nc6 4.
Qe3 Nf6 5. Nc3 Bb4 6. Bd2 O-O 7. O-O-O Re8 8. Qg3 Kh8 9. f3 d6 10. Nge2 a5 11. a3 Bc5 12. Nf4 h6 13. Nfd5 Nxd5 14. Nxd5 Be6 15. Bc4 Ne5 16. Bc3 Qg5+ 17. f4 Qxg3 18.
hxg3 Nxc4 19. Nxc7 Rac8 20. Nxe8 Rxe8 21. f5 Bd7 22.
Rhe1 b5 23. g4 b4 24. axb4 axb4 25. Bd4 Bc6 26. Bxc5 dxc5 27. b3 Ne5 28. Rd6 Ba8 29. f6 Nxg4 30. fxg7+ Kxg7 31. Ra6 Bb7 32. Ra7 Bxe4 33.
Rf1 Bg6 34. Rf4 Nf6 35. Rc4 Rc8 36. Ra5 Ne4 37. g4 Nf2 38. Raxc5 Rxc5 39. Rxc5 Nxg4 40. Rc4 Ne3 41. Rxb4 h5 42. c4 h4 43. c5 Nd5 44.
Rxh4 Kf6 45. c6 Nc7 46. b4 Ke7 47.
Rd4 Nb5 48. Rd5 Nc7 49. Rd7+ Ke6 50. Rxc7 Kd6 51. Rc8 Kd5 52. b5 Kc5 53. b6 Kxb6 54. Kd2 Bf5 55. Ke3 1-0

[Event "Live Chess"]
[Site "Chess.com"]
[Date "2024.06.01"]
[Round "-"]
[White "MaksymYurii"]
[Black "DoctorMantisTobogganMD"]
[Result "0-1"]
[WhiteElo "937"]
[BlackElo "2177"]
[TimeControl "300"]
[EndTime "15:55:14 PDT"]
[Termination "DoctorMantisTobogganMD won by checkmate"]

1. e4 d5 2. e5 c5 3. Nf3 Nc6 4. Bb5 Bg4 5. Bxc6+ bxc6 6. h4 e6 7. d3 Qb8 8. Bf4 Qxb2 9. Nbd2 Qb7 10. Rb1 Qc7 11.
h5 Ne7 12. Rh4 Bxf3 13. Nxf3 Nf5 14. Rh1 h6 15. d4 Nxd4 16. Nxd4 cxd4 17. Qxd4 Be7 18.
a4 c5 19. Qb2 O-O 20. Qb3 c4 21. Qg3 Kh8 22. Rh4 Bxh4 23. Qxh4 Rab8 24. Ke2 Rxb1 25. Bxh6 gxh6 26. Qf6+ Kh7 27. g4 Rg8 28. f3 Rg5 29. f4 Rxg4 30. Kf3 Rbg1 31. f5 R1g3+ 32. Kf2 Qc5+ 33. Ke2 Qe3+ 34. Kd1 Rg1# 0-1

[Event "Live Chess"]
[Site "Chess.com"]
[Date "2024.06.01"]
[Round "-"]
[White "gmnorfolk"]
[Black "lyricalschemes"]
[Result "1-0"]
[WhiteElo "2117"]
[BlackElo "2322"]
[TimeControl "300"]
[EndTime "15:55:48 PDT"]
[Termination "gmnorfolk won by resignation"]

1. c4 e5 2. Nc3 Nf6 3. Nf3 Nc6 4. g3 d5 5. cxd5 Nxd5 6. Bg2 Nxc3 7. dxc3 Qxd1+ 8. Kxd1 Bg4 9. h3 O-O-O+ 10. Ke1 Bh5 11. Be3 f6 12. Rd1 Be7 13. Nd2 Bf7 14. Bxc6 bxc6 15. b3 Kb7 16. f3 f5 17. Nb1 g5 18. Kf2 f4 19. Bc1 h5 20. gxf4 gxf4 21. e3 Bh4+ 22. Ke2 Bg6 23. Na3 Bg3 24. e4 h4 25. Nc4 Rxd1 26. Rxd1 Re8 27. Rd7 Re6 28. Ba3 Kc8 29. Rg7 Bh5 30. Rg5 Be8 31. Nxe5 c5 32. Bxc5 Ra6 33.
a4 1-0

[Event "Live Chess"]
[Site "Chess.com"]
[Date "2024.06.01"]
[Round "-"]
[White "gobbles19"]
[Black "MellowAesthetic"]
[Result "1-0"]
[WhiteElo "2294"]
[BlackElo "2079"]
[TimeControl "300"]
[EndTime "15:55:55 PDT"]
[Termination "gobbles19 won on time"]

1. e4 c5 2. d4 cxd4 3. c3 dxc3 4. Nxc3 Nc6 5. Bc4 d6 6. Nf3 a6 7. O-O Nf6 8. h3 e6 9. Qe2 Be7 10. Rd1 Qc7 11. Bf4 Ne5 12. Nxe5 dxe5 13. Bg5 O-O 14. Rac1 Bd7 15. Bb3 Bc6 16. Bxf6 Bxf6 17. Nd5 exd5 18.
exd5 Rfd8 19. dxc6 bxc6 20. Qc4 Rd4 21. Qxc6 Qxc6 22.
Rxc6 a5 23. Rdc1 Rad8 24. Rc7 R4d7 25. Rxd7 Rxd7 26. Rc8+ Rd8 27. Rc7 Rf8 28. Ra7 e4 29. Rxa5 Bxb2 30. Ra7 Bd4 31. Re7 Bc5 32. Rxe4 Rd8 33.
Rc4 Bd6 34. Rc6 1-0

[Event "Live Chess"]
[Site "Chess.com"]
[Date "2024.06.01"]
[Round "-"]
[White "KeithArkell"]
[Black "KwikPhoenix"]
[Result "1-0"]
[WhiteElo "2418"]
[BlackElo "2444"]
[TimeControl "300"]
[EndTime "15:55:56 PDT"]
[Termination "KeithArkell won on time"]

1. d4 f5 2. g3 Nf6 3. Bg2 e6 4. Nf3 Be7 5. O-O O-O 6. b3 d6 7. Bb2 a5 8. Nbd2 Ne4 9. Nxe4 fxe4 10. Nd2 d5 11. f3 exf3 12. exf3 a4 13. f4 a3 14. Bc3 c5 15. Nf3 Nc6 16. Qd2 b5 17. Rae1 b4 18. Ba1 c4 19. bxc4 dxc4 20. Ne5 c3 21.
Bxc3 bxc3 22. Qxc3 Nxe5 23. Bxa8 Ba6 24. Rf2 Ng4 25. Bf3 Nxf2 26. Kxf2 Qd6 27. Bg4 Bf6 28. Bxe6+ Kh8 29. Kg2 Bb7+ 30. Kh3 Bxd4 31. Qb3 Qc6 32. Qxa3 Qg2+ 33. Kg4 h5+ 34. Kg5 Bf6+ 35. Kg6 Be4+ 36. f5 Rd8 37. Qe3 Qf3 38. Qxf3 Bxf3 39. Re3 Bc6 40. Kxh5 Bd4 41. Rd3 Be4 42. Rd2 Bf3+ 43. Kg6 Bb6 44. Rxd8+ Bxd8 45. a4 Bc6 46. Bb3 Bc7 47.
f6 gxf6 48. Kxf6 Kh7 49. c4 Kh6 50. c5 Kh5 51. Kf5 Kh6 52. Bc2 Ba5 53. g4 Bb4 54. g5+ Kg7 55. h4 Bxc5 56. h5 Bd7+ 57. Kf4 Bd6+ 58. Ke4 Be8 59. Kd5 Bc7 60. h6+ Kh8 61. g6 Bxg6 62. Bxg6 Bf4 63. h7 Bh6 64. a5 1-0

[Event "Live Chess"]
[Site "Chess.com"]
[Date "2024.06.01"]
[Round "-"]
[White "RichardABates"]
[Black "CCGoodKnightRookie"]
[Result "1-0"]
[WhiteElo "2303"]
[BlackElo "2310"]
[TimeControl "300"]
[EndTime "15:56:16 PDT"]
[Termination "RichardABates won by resignation"]

1. d4 d5 2. c4 e6 3. Nf3 c5 4.
cxd5 exd5 5. Nc3 Nc6 6. dxc5 d4 7. Na4 Bxc5 8. Nxc5 Qa5+ 9. Bd2 Qxc5 10. Rc1 Qe7 11. e3 Nf6 12. Bb5 dxe3 13. Bxc6+ bxc6 14. Bxe3 O-O 15.
O-O Nd5 16. Bc5 Qf6 17. Bxf8 Kxf8 18. Qd4 1-0

[Event "Live Chess"]
[Site "Chess.com"]
[Date "2024.06.01"]
[Round "-"]
[White "Queensandpawns"]
[Black "blunderabit"]
[Result "0-1"]
[WhiteElo "2322"]
[BlackElo "1790"]
[TimeControl "300"]
[EndTime "15:56:49 PDT"]
[Termination "blunderabit won by resignation"]

1. e4 c5 2. d3 Nc6 3. g3 g6 4. Bg2 Bg7 5. Nc3 d6 6. Nge2 e6 7. O-O Nge7 8. f4 O-O 9. Bd2 f5 10. g4 Rb8 11. Ng3 Nd4 12. exf5 exf5 13. g5 d5 14. h4 Ne6 15. h5 Bd4+ 16. Kh2 gxh5 17.
Qxh5 Ng6 18. Nxd5 Ng7 19. Qh6 Be6 20. c4 Qd6 21. Bc3 Kf7 22. Bxd4 cxd4 23. Nf6 Rh8 24.
Rae1 Nxf4 25. Rxf4 Qxf4 26. g6+ hxg6 27. Qxh8 Rxh8+ 28.
Kg1 Qxg3 29. Ne4 fxe4 0-1

[Event "Live Chess"]
[Site "Chess.com"]
[Date "2024.06.01"]
[Round "-"]
[White "booktrunk"]
[Black "WelshTiger"]
[Result "0-1"]
[WhiteElo "1471"]
[BlackElo "2478"]
[TimeControl "300"]
[EndTime "15:56:51 PDT"]
[Termination "WelshTiger won by resignation"]

1. d4 d5 2. Nc3 c6 3. Bf4 Nf6 4. e3 Bf5 5. h4 e6 6. Bd3 Bxd3 7.
Qxd3 Bd6 8. Nf3 Bxf4 9. exf4 Qd6 10. g3 Nbd7 11. O-O-O O-O-O 12. Ne5 Rhf8 13. f3 a6 14. Nxd7 Rxd7 15. Nb1 c5 16. dxc5 Qxc5 17. Qc3 Rc7 18.
Qxc5 Rxc5 19. Rhe1 Nh5 20. Rg1 Kd7 21. Rd3 Rfc8 22. Rc3 g6 23. Rxc5 Rxc5 24. Kd2 Ng7 25. g4 Ne8 26. c3 Nd6 27. Kd3 f6 28. b4 Rc8 29. Na3 e5 30. fxe5 fxe5 31. Nc2 Ke6 32. Re1 Nb5 33. f4 Rxc3+ 34. Kd2 Rh3 35. Rxe5+ Kd6 36.
h5 gxh5 37. gxh5 Nc3 38. a4 Nxa4 39. Ne3 Nb6 40. Nf5+ Kc6 41. Ne7+ Kb5 42. Nxd5 Nxd5 43.
Rxd5+ Kxb4 44. Rd7 b5 45. Rb7 Rxh5 46. f5 Rxf5 47.
Rxh7 Rf2+ 48. Kd3 a5 49. Rh4+ Kb3 50. Rh5 Ka4 51. Rh4+ b4 52. Ke3 Rc2 53. Kd3 Rc8 54. Rh1 b3 55. Ra1+ Kb4 56. Kd2 a4 0-1